[Event "13th Arad Open 2020"]
[Site "Arad"]
[Date "2020.09.27"]
[Round "3.4"]
[White "Andronescu, Madalin"]
[Black "Kozak, Adam"]
[Result "0-1"]
[ECO "B29"]
[WhiteElo "2165"]
[BlackElo "2503"]
[Annotator "ChessBase"]
[PlyCount "116"]
[EventDate "2020.09.25"]
[EventType "swiss"]
[EventCountry "ROU"]
[SourceTitle "playchess.com"]
[Source "ChessBase"]
[SourceQuality "1"]
[TimeControl "5400+30"]

1. e4 c5 2. Nf3 Nf6 3. Nc3 d5 4. exd5 Nxd5 5. Bb5+ Bd7 6. Qe2 Nf6 7. Ne5 e6 8. Ne4 Nxe4 9. Qxe4 Qc7 10. Nxd7 Nxd7 11. O-O a6 12. Be2 Bd6 13. Bf3 Rb8 14. g3 Be5 15. Re1 O-O 16. c3 h6 17. d3 Rfd8 18. Bd2 Bd6 19. Rad1 b5 20. d4 cxd4 21. cxd4 Nf6 22. Qh4 Qe7 23. Ba5 Rdc8 24. d5 Rc4 25. Qh3 e5 26. Bc3 b4 27. Bxe5 Bxe5 28. d6 Qd7 29. Qf1 Rc5 30. Qxa6 Rd8 31. Rd3 Bxd6 32. Red1 Ne8 33. Qb6 Qc7 34. Qxb4 Rc2 35. Qd4 Rc8 36. R1d2 Be5 37. Qb4 Rb8 38. Qa4 Rxd2 39. Rxd2 Qc1+ 40. Rd1 Qxb2 41. Bd5 Nf6 42. Bb3 Qc3 43. Qa3 Qc7 44. Rc1 Qb7 45. Qa5 Bd6 46. Rd1 Qc7 47. Qf5 Qe7 48. Rc1 Kf8 49. Rd1 g6 50. Qf3 Kg7 51. Qc6 Bc5 52. Rc1 Ba7 53. Qc7 Rb7 54. Qc3 Bb6 55. Qf3 Rd7 56. Qf4 Qe4 57. Rc4 Qe1+ 58. Kg2 Bxf2 0-1

[Event "13th Arad Open 2020"]
[Site "Arad"]
[Date "2020.09.27"]
[Round "3.5"]
[White "Patrascu, Catalin-Lucian"]
[Black "Cnejev, Vladimir-Alexandru"]
[Result "1-0"]
[ECO "D35"]
[WhiteElo "2320"]
[BlackElo "2123"]
[Annotator "ChessBase"]
[PlyCount "95"]
[EventDate "2020.09.25"]
[EventType "swiss"]
[EventCountry "ROU"]
[SourceTitle "playchess.com"]
[Source "ChessBase"]
[SourceQuality "1"]
[TimeControl "5400+30"]

1. c4 e6 2. Nc3 d5 3. d4 Nf6 4. cxd5 exd5 5. Bg5 c6 6. e3 Bf5 7. Qf3 Bg6 8. Bxf6 Qxf6 9. Qxf6 gxf6 10. Nf3 Nd7 11. Nh4 Be7 12. Ne2 Nb6 13. Ng3 Nc8 14. Ngf5 Nd6 15. Nxd6+ Bxd6 16. f4 Be4 17. Kf2 c5 18. dxc5 Bxc5 19. Rd1 O-O 20. Bd3 Rfe8 21. Rhe1 d4 22. Bxe4 Rxe4 23. exd4 Rxd4 24. Rxd4 Rd8 25. Kf3 Rxd4 26. Re8+ Bf8 27. Rb8 b6 28. Nf5 Rd2 29. h4 h5 30. g4 hxg4+ 31. Kxg4 Rxb2 32. h5 Rxa2 33. h6 Rg2+ 34. Kf3 Rd2 35. Ne7+ Kh7 36. Rxf8 Kxh6 37. Rxf7 b5 38. Rxf6+ Kg7 39. Ra6 b4 40. Nf5+ Kf7 41. Rxa7+ Kf6 42. Ne3 b3 43. Rb7 Rb2 44. Rb6+ Kf7 45. Nc4 Rb1 46. Nd2 Rd1 47. Nxb3 Rb1 48. Ke4 1-0

[Event "13th Arad Open 2020"]
[Site "Arad"]
[Date "2020.09.27"]
[Round "3.6"]
[White "Antonica, Dragos-Andrei"]
[Black "Magold, Filip"]
[Result "1-0"]
[ECO "E44"]
[WhiteElo "2301"]
[BlackElo "2043"]
[Annotator "ChessBase"]
[PlyCount "49"]
[EventDate "2020.09.25"]
[EventType "swiss"]
[EventCountry "ROU"]
[SourceTitle "playchess.com"]
[Source "ChessBase"]
[SourceQuality "1"]
[TimeControl "5400+30"]

1. d4 Nf6 2. c4 e6 3. Nc3 Bb4 4. e3 b6 5. Nge2 Bb7 6. a3 Bxc3+ 7. Nxc3 O-O 8. Bd3 d6 9. e4 Nbd7 10. O-O c5 11. d5 Ne5 12. Bf4 Nxd3 13. Qxd3 exd5 14. exd5 Nh5 15. Qf3 Nxf4 16. Qxf4 Qd7 17. Rae1 Rad8 18. Ne4 Kh8 19. Nf6 Qc8 20. Re3 h6 21. Rh3 Qxh3 22. gxh3 Bc8 23. Kh1 Bxh3 24. Rg1 Bc8 25. Nh5 1-0

[Event "13th Arad Open 2020"]
[Site "Arad"]
[Date "2020.09.27"]
[Round "3.7"]
[White "Coca, Cristi-Iulian"]
[Black "Filip, Lucian-Ioan"]
[Result "0-1"]
[ECO "A05"]
[WhiteElo "2099"]
[BlackElo "2432"]
[Annotator "ChessBase"]
[PlyCount "64"]
[EventDate "2020.09.25"]
[EventType "swiss"]
[EventCountry "ROU"]
[SourceTitle "playchess.com"]
[Source "ChessBase"]
[SourceQuality "1"]
[TimeControl "5400+30"]

1. Nf3 Nf6 2. g3 d5 3. Bg2 Bf5 4. O-O e6 5. d3 h6 6. Nbd2 Be7 7. Re1 O-O 8. c4 c6 9. a3 a5 10. b3 Bh7 11. Bb2 Nbd7 12. Rc1 Qb6 13. e4 Nc5 14. Ne5 dxe4 15. d4 Nd3 16. Nxd3 exd3 17. Qf3 Rfd8 18. Bf1 Rxd4 19. Bxd4 Qxd4 20. Ra1 Rd8 21. Ra2 Bc5 22. Rd1 e5 23. b4 e4 24. Qf4 g5 25. Qe3 Qxe3 26. fxe3 Bxe3+ 27. Kg2 axb4 28. axb4 Bxd2 29. Raxd2 Ng4 30. Ra1 Ne3+ 31. Kg1 Nxc4 32. Rda2 Kg7 0-1

[Event "13th Arad Open 2020"]
[Site "Arad"]
[Date "2020.09.27"]
[Round "3.8"]
[White "Ungureanu, Sandu"]
[Black "Talu, Mircea"]
[Result "0-1"]
[ECO "B33"]
[WhiteElo "2059"]
[BlackElo "2351"]
[Annotator "ChessBase"]
[PlyCount "22"]
[EventDate "2020.09.25"]
[EventType "swiss"]
[EventCountry "ROU"]
[SourceTitle "playchess.com"]
[Source "ChessBase"]
[SourceQuality "1"]
[TimeControl "5400+30"]

1. e4 c5 2. Nf3 Nc6 3. d4 cxd4 4. Nxd4 Nf6 5. f3 e6 6. c4 d5 7. cxd5 exd5 8. Bb5 Bd7 9. exd5 Nxd5 10. Nxc6 bxc6 11. Bc4 Qh4+ 0-1

[Event "13th Arad Open 2020"]
[Site "Arad"]
[Date "2020.09.27"]
[Round "3.9"]
[White "Dobrin, Ionut-Alexandru"]
[Black "Ghimpu, Samuel-Timotei"]
[Result "0-1"]
[ECO "D80"]
[WhiteElo "2040"]
[BlackElo "2302"]
[Annotator "ChessBase"]
[PlyCount "91"]
[EventDate "2020.09.25"]
[EventType "swiss"]
[EventCountry "ROU"]
[SourceTitle "playchess.com"]
[Source "ChessBase"]
[SourceQuality "1"]
[TimeControl "5400+30"]

1. d4 Nf6 2. c4 g6 3. Nc3 d5 4. Bg5 Ne4 5. Bh4 Nxc3 6. bxc3 dxc4 7. e3 Be6 8. Nf3 Bg7 9. Qb1 b6 10. Be2 O-O 11. O-O c5 12. Ng5 Bd5 13. e4 Bb7 14. Bxc4 cxd4 15. Qb3 Qe8 16. cxd4 Nc6 17. Rad1 Nxd4 18. Qa3 e6 19. Qe3 b5 20. Bb3 Nxb3 21. axb3 h6 22. Nf3 f5 23. Bg3 Bxe4 24. Bd6 Rf7 25. Ne5 Rb7 26. Rc1 Rd8 27. Rfd1 Rxd6 28. Rxd6 Bxe5 29. Ra6 g5 30. g3 Qd7 31. h4 Rc7 32. hxg5 Qd3 33. Qxd3 Rxc1+ 34. Qf1 Rxf1+ 35. Kxf1 Bd5 36. gxh6 Kh7 37. Rxa7+ Kxh6 38. Ra3 b4 39. Ra5 Bc3 40. Ke2 Bxb3 41. Kd3 Bd5 42. Ra7 Be1 43. Ke2 b3 44. Ra1 Bc3 45. Rb1 b2 46. Ra1 0-1

[Event "13th Arad Open 2020"]
[Site "Arad"]
[Date "2020.09.27"]
[Round "3.10"]
[White "Oltean, Cristian-Daniel"]
[Black "Carasca, Bogdan-Petru"]
[Result "1/2-1/2"]
[ECO "B90"]
[WhiteElo "2001"]
[BlackElo "2132"]
[Annotator "ChessBase"]
[PlyCount "125"]
[EventDate "2020.09.25"]
[EventType "swiss"]
[EventCountry "ROU"]
[SourceTitle "playchess.com"]
[Source "ChessBase"]
[SourceQuality "1"]
[TimeControl "5400+30"]

1. e4 c5 2. Nf3 d6 3. d4 cxd4 4. Nxd4 Nf6 5. Nc3 a6 6. h3 e5 7. Nde2 Be7 8. g4 h6 9. Be3 b5 10. Bg2 Bb7 11. O-O O-O 12. Ng3 b4 13. Nd5 Nxd5 14. exd5 Bg5 15. Bxg5 hxg5 16. Qd2 a5 17. a3 Na6 18. axb4 axb4 19. Ra4 f6 20. Rfa1 Qb6 21. Nf5 Nc5 22. Rxa8 Rxa8 23. Rxa8+ Bxa8 24. h4 gxh4 25. g5 Kf7 26. Nxh4 g6 27. gxf6 Qd8 28. Qxb4 Qxf6 29. Qg4 g5 30. Nf5 Bb7 31. b4 Na4 32. Ne3 Ke8 33. Qc4 Qe7 34. Bh3 Kf8 35. Qb5 Nc3 36. Qc4 Na4 37. Nf5 Qd7 38. Bg4 Nb6 39. Ne3 Qf7 40. Qd3 Nxd5 41. c4 Nxb4 42. Qxd6+ Qe7 43. Qb8+ Kf7 44. Nf5 Nc6 45. Qh8 Qb4 46. Nh6+ Ke7 47. Nf5+ Kd7 48. Qg7+ Kd8 49. Qxg5+ Kc7 50. Be2 Ba6 51. Ne3 Qe1+ 52. Bf1 Bb7 53. Nd5+ Kb8 54. Qf6 Ka7 55. Qf8 Qa5 56. Bg2 Qd2 57. Qc5+ Kb8 58. Qd6+ Ka7 59. Qa3+ Kb8 60. Qf8+ Ka7 61. Qc5+ Kb8 62. Qb6 Qc1+ 63. Bf1 1/2-1/2

[Event "13th Arad Open 2020"]
[Site "Arad"]
[Date "2020.09.28"]
[Round "4.1"]
[White "Kozak, Adam"]
[Black "Solodovnichenko, Yuri"]
[Result "1-0"]
[ECO "A07"]
[WhiteElo "2503"]
[BlackElo "2553"]
[Annotator "ChessBase"]
[PlyCount "65"]
[EventDate "2020.09.25"]
[EventType "swiss"]
[EventCountry "ROU"]
[SourceTitle "playchess.com"]
[Source "ChessBase"]
[SourceQuality "1"]
[TimeControl "5400+30"]

1. Nf3 Nf6 2. g3 d5 3. Bg2 c6 4. O-O Bg4 5. h3 Bh5 6. d4 Nbd7 7. c4 e6 8. cxd5 cxd5 9. Nc3 Bd6 10. Qb3 Qb6 11. e4 Nxe4 12. Nxe4 dxe4 13. Ng5 Nf6 14. Nxe4 Nxe4 15. Bxe4 O-O-O 16. Qxb6 axb6 17. Be3 Kb8 18. a4 Be2 19. Rfc1 Rc8 20. d5 Bc4 21. Rd1 exd5 22. Bxd5 Be5 23. Bxb6 Bxb2 24. Rab1 Bxd5 25. Rxd5 Rc2 26. Be3 Re8 27. Rb5 Be5 28. Rxb7+ Kc8 29. Rxf7 Bxg3 30. Rxg7 Be5 31. Rxh7 Rg8+ 32. Kh1 Rc4 33. Rc1 1-0

[Event "13th Arad Open 2020"]
[Site "Arad"]
[Date "2020.09.28"]
[Round "4.2"]
[White "Istratescu, Andrei"]
[Black "Patrascu, Catalin-Lucian"]
[Result "1-0"]
[ECO "D41"]
[WhiteElo "2551"]
[BlackElo "2320"]
[Annotator "ChessBase"]
[PlyCount "79"]
[EventDate "2020.09.25"]
[EventType "swiss"]
[EventCountry "ROU"]
[SourceTitle "playchess.com"]
[Source "ChessBase"]
[SourceQuality "1"]
[TimeControl "5400+30"]

1. d4 Nf6 2. Nf3 e6 3. c4 d5 4. Nc3 c5 5. cxd5 Nxd5 6. e3 a6 7. Bd3 Be7 8. O-O Nc6 9. a3 cxd4 10. exd4 Bf6 11. Bc2 Nce7 12. Ne4 b6 13. Nxf6+ gxf6 14. Bh6 Bb7 15. Qd2 Qd6 16. Rac1 Ng6 17. Rfe1 Rg8 18. g3 Rd8 19. Be4 Ke7 20. Qd1 Rc8 21. Rxc8 Rxc8 22. Nd2 Rc7 23. h4 Kd7 24. h5 Nge7 25. Bf8 Rc8 26. Bxe7 Kxe7 27. Bxh7 Kf8 28. Be4 f5 29. Bg2 Qc7 30. Nf3 Qc2 31. Ne5 Qxd1 32. Rxd1 Kg7 33. h6+ Kg8 34. g4 Rc2 35. Bxd5 Bxd5 36. g5 b5 37. Rd3 f4 38. f3 Rc1+ 39. Kg2 Kh7 40. Rc3 1-0

[Event "13th Arad Open 2020"]
[Site "Arad"]
[Date "2020.09.28"]
[Round "4.3"]
[White "Antonica, Dragos-Andrei"]
[Black "Manolache, Marius"]
[Result "0-1"]
[ECO "A43"]
[WhiteElo "2301"]
[BlackElo "2541"]
[Annotator "ChessBase"]
[PlyCount "80"]
[EventDate "2020.09.25"]
[EventType "swiss"]
[EventCountry "ROU"]
[SourceTitle "playchess.com"]
[Source "ChessBase"]
[SourceQuality "1"]
[TimeControl "5400+30"]

1. d4 Nf6 2. c4 c5 3. d5 d6 4. Nc3 e6 5. g3 Be7 6. Bg2 O-O 7. Nf3 exd5 8. cxd5 Qa5 9. O-O b5 10. Bg5 b4 11. Bxf6 Bxf6 12. Ne4 Qd8 13. Nxf6+ Qxf6 14. a3 Na6 15. Qd2 Rb8 16. axb4 Rxb4 17. Ra2 Nc7 18. Rxa7 Rxb2 19. Qd3 Nb5 20. Ra5 Bd7 21. e4 Rc8 22. Qe3 Qc3 23. Qxc3 Nxc3 24. e5 Ne2+ 25. Kh1 c4 26. exd6 c3 27. Ng1 Nxg1 28. Kxg1 c2 29. Raa1 Bf5 30. Rac1 Kf8 31. g4 Bxg4 32. Be4 Bd1 33. Kg2 Rd8 34. Rfxd1 cxd1=Q 35. Rxd1 Rxd6 36. Kg3 g6 37. Rc1 Rb4 38. Bf3 Rb3 39. Rc8+ Kg7 40. Rc6 Rxd5 0-1

[Event "13th Arad Open 2020"]
[Site "Arad"]
[Date "2020.09.28"]
[Round "4.4"]
[White "Filip, Lucian-Ioan"]
[Black "Talu, Mircea"]
[Result "1/2-1/2"]
[ECO "E16"]
[WhiteElo "2432"]
[BlackElo "2351"]
[Annotator "ChessBase"]
[PlyCount "55"]
[EventDate "2020.09.25"]
[EventType "swiss"]
[EventCountry "ROU"]
[SourceTitle "playchess.com"]
[Source "ChessBase"]
[SourceQuality "1"]
[TimeControl "5400+30"]

1. d4 Nf6 2. c4 e6 3. Nf3 b6 4. g3 Bb7 5. Bg2 Bb4+ 6. Bd2 a5 7. O-O O-O 8. Bf4 Be7 9. Qc2 Be4 10. Qc1 Bb7 11. Rd1 d6 12. Nc3 Ne4 13. Nxe4 Bxe4 14. Qe3 Bb7 15. Qd3 f5 16. Qe3 Qd7 17. Bg5 Bxg5 18. Nxg5 Bxg2 19. Kxg2 Rf6 20. f4 Qe8 21. Qf3 Nd7 22. Qc6 Rc8 23. e4 fxe4 24. Nxe4 Rf5 25. Re1 h6 26. Rad1 Nf6 27. Qxe8+ Rxe8 28. Nxf6+ 1/2-1/2

[Event "13th Arad Open 2020"]
[Site "Arad"]
[Date "2020.09.28"]
[Round "4.5"]
[White "Ghimpu, Samuel-Timotei"]
[Black "Balla, Tamas-Kristof"]
[Result "1/2-1/2"]
[ECO "D00"]
[WhiteElo "2302"]
[BlackElo "2356"]
[Annotator "ChessBase"]
[PlyCount "62"]
[EventDate "2020.09.25"]
[EventType "swiss"]
[EventCountry "ROU"]
[SourceTitle "playchess.com"]
[Source "ChessBase"]
[SourceQuality "1"]
[TimeControl "5400+30"]

1. d4 d5 2. Nc3 Nf6 3. Bf4 e6 4. e3 Bd6 5. Nf3 Bxf4 6. exf4 b6 7. Ne5 O-O 8. Qf3 c5 9. g4 cxd4 10. Nb5 Ba6 11. Nxd4 Bxf1 12. Rxf1 Nbd7 13. O-O-O Nxe5 14. fxe5 Ne4 15. Qe3 Qg5 16. Qxg5 Nxg5 17. f3 h6 18. h4 Nh7 19. Rd3 Rfe8 20. Ra3 Nf8 21. Re1 Rec8 22. h5 Nd7 23. Kd2 Rc4 24. c3 Kf8 25. f4 Ke7 26. b3 Rcc8 27. b4 a6 28. Kd3 Rc4 29. Rf1 Rac8 30. Rc1 Nb8 31. Rf1 a5 1/2-1/2

[Event "13th Arad Open 2020"]
[Site "Arad"]
[Date "2020.09.28"]
[Round "4.6"]
[White "Ursan, Petru-Sebastian"]
[Black "Filip, Andrei"]
[Result "1/2-1/2"]
[ECO "A30"]
[WhiteElo "2248"]
[BlackElo "2003"]
[Annotator "ChessBase"]
[PlyCount "148"]
[EventDate "2020.09.25"]
[EventType "swiss"]
[EventCountry "ROU"]
[SourceTitle "playchess.com"]
[Source "ChessBase"]
[SourceQuality "1"]
[TimeControl "5400+30"]

1. Nf3 Nf6 2. c4 c5 3. g3 b6 4. Bg2 Bb7 5. Nc3 e6 6. O-O Be7 7. Re1 d5 8. cxd5 exd5 9. d4 O-O 10. Bf4 Nbd7 11. Rc1 Ne4 12. dxc5 Bxc5 13. Nxe4 dxe4 14. Ng5 Nf6 15. Qa4 e3 16. fxe3 Qe7 17. Bxb7 Qxb7 18. b4 b5 19. Qb3 Bb6 20. Red1 Rfe8 21. Nf3 Ng4 22. Rc3 Qe7 23. Rdd3 Rac8 24. Rxc8 Rxc8 25. h3 Nf6 26. Kg2 h6 27. Be5 Rc4 28. Bxf6 Qxf6 29. a3 Qc6 30. Qd1 Rc1 31. Qb3 Qc4 32. Nd4 h5 33. Rd2 Qxb3 34. Nxb3 Rc3 35. Rd3 Rc2 36. Kf3 Ra2 37. Nd4 a6 38. Nf5 Bc7 39. g4 hxg4+ 40. hxg4 g6 41. Ne7+ Kf8 42. Nd5 Be5 43. Ke4 f6 44. g5 Kf7 45. Nxf6 Bxf6 46. gxf6 Ke6 47. Rc3 Kxf6 48. Rc6+ Kf7 49. Rxa6 Rxe2 50. Rb6 Ra2 51. Rb7+ Kf6 52. Rb6+ Kf7 53. Ke5 Rxa3 54. Rb7+ Kf8 55. e4 Rf3 56. Rxb5 g5 57. Rb8+ Kf7 58. Rh8 Rb3 59. Rh7+ Kg8 60. Rh5 Rxb4 61. Kf5 Kf7 62. Rh7+ Ke8 63. Rg7 Rb6 64. e5 Kf8 65. Ra7 g4 66. Kxg4 Ke8 67. Kf5 Kf8 68. Ra8+ Ke7 69. Rh8 Ra6 70. Rg8 Kf7 71. Rb8 Ke7 72. Rb7+ Ke8 73. e6 Ra1 74. Kf6 Rf1+ 1/2-1/2

[Event "13th Arad Open 2020"]
[Site "Arad"]
[Date "2020.09.28"]
[Round "4.7"]
[White "Oltean, Cristian-Daniel"]
[Black "Daianu, Cristian-Clement"]
[Result "0-1"]
[ECO "B23"]
[WhiteElo "2001"]
[BlackElo "2224"]
[Annotator "ChessBase"]
[PlyCount "56"]
[EventDate "2020.09.25"]
[EventType "swiss"]
[EventCountry "ROU"]
[SourceTitle "playchess.com"]
[Source "ChessBase"]
[SourceQuality "1"]
[TimeControl "5400+30"]

1. e4 c5 2. Nc3 Nc6 3. f4 g6 4. Nf3 Bg7 5. Bb5 Nd4 6. O-O a6 7. Bd3 d6 8. Nxd4 cxd4 9. Ne2 Nf6 10. Kh1 e5 11. c3 O-O 12. cxd4 exd4 13. Bc2 d3 14. Bxd3 Re8 15. Ng3 Ng4 16. Be2 Nxh2 17. Kxh2 Qh4+ 18. Kg1 Bd4+ 19. Rf2 Qxg3 20. Qf1 Rxe4 21. d3 Re7 22. Rb1 Bf5 23. Bd2 Rxe2 24. Qxe2 Bxd3 25. Qf3 Qxf3 26. gxf3 Bxb1 27. Bc3 Bxf2+ 28. Kxf2 Bxa2 0-1

[Event "13th Arad Open 2020"]
[Site "Arad"]
[Date "2020.09.28"]
[Round "4.8"]
[White "Pisu, Robert-Daniel"]
[Black "Ambru, Dan-Calin"]
[Result "1-0"]
[ECO "A49"]
[WhiteElo "2223"]
[BlackElo "1985"]
[Annotator "ChessBase"]
[PlyCount "53"]
[EventDate "2020.09.25"]
[EventType "swiss"]
[EventCountry "ROU"]
[SourceTitle "playchess.com"]
[Source "ChessBase"]
[SourceQuality "1"]
[TimeControl "5400+30"]

1. d4 Nf6 2. Nf3 g6 3. g3 Bg7 4. Bg2 d6 5. O-O O-O 6. Re1 d5 7. c4 c6 8. Ne5 Nbd7 9. Nc3 e6 10. Nxd7 Qxd7 11. c5 b6 12. b4 Bb7 13. Bf4 Qc8 14. Be5 Nd7 15. Bxg7 Kxg7 16. e4 a5 17. b5 bxc5 18. bxc6 Bxc6 19. exd5 Bxd5 20. Nxd5 exd5 21. Bxd5 Ra7 22. Re7 Qd8 23. Qe2 cxd4 24. Qe6 Rc7 25. Qd6 Ra7 26. Bxf7 Rxf7 27. Qxd4+ 1-0

[Event "13th Arad Open 2020"]
[Site "Arad"]
[Date "2020.09.28"]
[Round "4.9"]
[White "Breitkopf, Francisc"]
[Black "Lehaci, Miruna-Daria"]
[Result "1/2-1/2"]
[ECO "C00"]
[WhiteElo "1984"]
[BlackElo "2223"]
[Annotator "ChessBase"]
[PlyCount "117"]
[EventDate "2020.09.25"]
[EventType "swiss"]
[EventCountry "ROU"]
[SourceTitle "playchess.com"]
[Source "ChessBase"]
[SourceQuality "1"]
[TimeControl "5400+30"]

1. e4 e6 2. d4 d5 3. Bd3 dxe4 4. Bxe4 Nf6 5. Bd3 c5 6. Nf3 cxd4 7. Nxd4 Be7 8. O-O O-O 9. a4 Nbd7 10. c3 Re8 11. Re1 Bf8 12. Bg5 e5 13. Nb3 Qc7 14. N1d2 g6 15. a5 Bg7 16. Bb5 a6 17. Ba4 Re6 18. Qf3 Rb8 19. Be3 b5 20. axb6 Nxb6 21. Nc5 Rd6 22. b4 Qd8 23. Nde4 Nxe4 24. Nxe4 Bb7 25. Bb3 Rd7 26. Bc5 Bd5 27. Bxd5 Nxd5 28. Rxa6 f5 29. Nd6 Nc7 30. Rd1 e4 31. Qe2 Nxa6 32. Qxa6 Qc7 33. g3 h6 34. h4 h5 35. Qc4+ Kh7 36. Qe6 Rbd8 37. c4 Bf8 38. Rd5 Bxd6 39. Rxf5 gxf5 40. Qxf5+ Kg8 41. Bd4 Rf8 42. Qg6+ Rg7 43. Bxg7 Qxg7 44. Qxd6 Qf6 45. Qc5 Rd8 46. Qxh5 Rd2 47. Qg4+ Kf8 48. Qc8+ Kg7 49. Qc7+ Kh6 50. Qc5 Rd1+ 51. Kh2 Rd4 52. Kg1 e3 53. f4 e2 54. Kf2 Re4 55. Qg5+ Qxg5 56. hxg5+ Kg6 57. Ke1 Kf5 58. g6 Kxg6 59. g4 1/2-1/2

[Event "13th Arad Open 2020"]
[Site "Arad"]
[Date "2020.09.28"]
[Round "4.9"]
[White "Breitkopf, Francisc"]
[Black "Lehaci, Miruna-Daria"]
[Result "0-1"]
[ECO "C00"]
[WhiteElo "1984"]
[BlackElo "2223"]
[Annotator "ChessBase"]
[PlyCount "116"]
[EventDate "2020.09.25"]
[EventType "swiss"]
[EventCountry "ROU"]
[SourceTitle "playchess.com"]
[Source "ChessBase"]
[SourceQuality "1"]
[TimeControl "5400+30"]

1. e4 e6 2. d4 d5 3. Bd3 dxe4 4. Bxe4 Nf6 5. Bd3 c5 6. Nf3 cxd4 7. Nxd4 Be7 8. O-O O-O 9. a4 Nbd7 10. c3 Re8 11. Re1 Bf8 12. Bg5 e5 13. Nb3 Qc7 14. N1d2 g6 15. a5 Bg7 16. Bb5 a6 17. Ba4 Re6 18. Qf3 Rb8 19. Be3 b5 20. axb6 Nxb6 21. Nc5 Rd6 22. b4 Qd8 23. Nde4 Nxe4 24. Nxe4 Bb7 25. Bb3 Rd7 26. Bc5 Bd5 27. Bxd5 Nxd5 28. Rxa6 f5 29. Nd6 Nc7 30. Rd1 e4 31. Qe2 Nxa6 32. Qxa6 Qc7 33. g3 h6 34. h4 h5 35. Qc4+ Kh7 36. Qe6 Rbd8 37. c4 Bf8 38. Rd5 Bxd6 39. Rxf5 gxf5 40. Qxf5+ Kg8 41. Bd4 Rf8 42. Qg6+ Rg7 43. Bxg7 Qxg7 44. Qxd6 Qf6 45. Qc5 Rd8 46. Qxh5 Rd2 47. Qg4+ Kf8 48. Qc8+ Kg7 49. Qc7+ Kh6 50. Qc5 Rd1+ 51. Kh2 Rd4 52. Kg1 e3 53. f4 e2 54. Kf2 Re4 55. Qg5+ Qxg5 56. hxg5+ Kg6 57. Ke1 Kf5 58. c5 Kg4 0-1

[Event "13th Arad Open 2020"]
[Site "Arad"]
[Date "2020.09.28"]
[Round "4.10"]
[White "Isfan, Ioan-Marius"]
[Black "Popa-Matei, Viorel-Ovidiu"]
[Result "1-0"]
[ECO "A22"]
[WhiteElo "2187"]
[BlackElo "1915"]
[Annotator "ChessBase"]
[PlyCount "50"]
[EventDate "2020.09.25"]
[EventType "swiss"]
[EventCountry "ROU"]
[SourceTitle "playchess.com"]
[Source "ChessBase"]
[SourceQuality "1"]
[TimeControl "5400+30"]

1. c4 e5 2. Nc3 Nf6 3. g3 Bc5 4. Bg2 c6 5. e3 O-O 6. Nge2 d5 7. cxd5 cxd5 8. d4 exd4 9. exd4 Bb6 10. O-O Nc6 11. Bg5 Be6 12. Nf4 Bxd4 13. Ncxd5 h6 14. Nxe6 fxe6 15. Nxf6+ Bxf6 16. Be3 Nd4 17. Qg4 Nf5 18. Rad1 Qe7 19. Rfe1 Bxb2 20. Rb1 Qf6 21. Bc5 Rf7 22. Qc4 Re8 23. Bd5 b6 24. Bxe6 Rxe6 25. Rxe6 Be5 1-0

[Event "13th Arad Open 2020"]
[Site "Arad"]
[Date "2020.09.28"]
[Round "5.1"]
[White "Manolache, Marius"]
[Black "Istratescu, Andrei"]
[Result "1/2-1/2"]
[ECO "D14"]
[WhiteElo "2541"]
[BlackElo "2551"]
[Annotator "ChessBase"]
[PlyCount "24"]
[EventDate "2020.09.25"]
[EventType "swiss"]
[EventCountry "ROU"]
[SourceTitle "playchess.com"]
[Source "ChessBase"]
[SourceQuality "1"]
[TimeControl "5400+30"]

1. d4 d5 2. Nf3 Nf6 3. c4 c6 4. cxd5 cxd5 5. Nc3 Nc6 6. Bf4 Bf5 7. e3 e6 8. Bd3 Bxd3 9. Qxd3 Bd6 10. Bxd6 Qxd6 11. O-O O-O 12. Rfc1 Rfc8 1/2-1/2

[Event "13th Arad Open 2020"]
[Site "Arad"]
[Date "2020.09.28"]
[Round "5.2"]
[White "Talu, Mircea"]
[Black "Kozak, Adam"]
[Result "1/2-1/2"]
[ECO "A33"]
[WhiteElo "2351"]
[BlackElo "2503"]
[Annotator "ChessBase"]
[PlyCount "54"]
[EventDate "2020.09.25"]
[EventType "swiss"]
[EventCountry "ROU"]
[SourceTitle "playchess.com"]
[Source "ChessBase"]
[SourceQuality "1"]
[TimeControl "5400+30"]

1. d4 Nf6 2. c4 e6 3. Nf3 c5 4. Nc3 cxd4 5. Nxd4 Nc6 6. e4 Bb4 7. Nxc6 bxc6 8. Bd3 e5 9. Bd2 O-O 10. O-O a5 11. Qc2 d6 12. h3 Be6 13. Be3 Nd7 14. Na4 Rb8 15. Rfd1 Qe7 16. Rab1 Bc5 17. Nxc5 Nxc5 18. Be2 f5 19. Bxc5 dxc5 20. Qc3 Qc7 21. exf5 Bxf5 22. Bd3 e4 23. Bc2 e3 24. fxe3 Bxh3 25. Rf1 Qg3 26. Be4 Rfe8 27. Bxc6 Rxe3 1/2-1/2

[Event "13th Arad Open 2020"]
[Site "Arad"]
[Date "2020.09.28"]
[Round "5.3"]
[White "Solodovnichenko, Yuri"]
[Black "Lehaci, Miruna-Daria"]
[Result "1-0"]
[ECO "B94"]
[WhiteElo "2553"]
[BlackElo "2223"]
[Annotator "ChessBase"]
[PlyCount "159"]
[EventDate "2020.09.25"]
[EventType "swiss"]
[EventCountry "ROU"]
[SourceTitle "playchess.com"]
[Source "ChessBase"]
[SourceQuality "1"]
[TimeControl "5400+30"]

1. e4 c5 2. Nf3 d6 3. d4 cxd4 4. Nxd4 Nf6 5. Nc3 a6 6. Bg5 Nbd7 7. Bc4 h6 8. Bxf6 Nxf6 9. Qe2 e6 10. O-O-O Qc7 11. f4 b5 12. Bb3 b4 13. Nb1 Be7 14. g4 d5 15. Ba4+ Bd7 16. Bxd7+ Nxd7 17. exd5 Qxf4+ 18. Rd2 O-O 19. dxe6 Nf6 20. Nf5 Bc5 21. e7 Rfe8 22. Rf1 Qe4 23. Qxe4 Nxe4 24. Rd7 g6 25. Nxh6+ Kg7 26. Nxf7 Nf6 27. Rd3 Rxe7 28. Nd6 Nxg4 29. h3 Be3+ 30. Nd2 Nf2 31. Rd5 Nxh3 32. N6c4 Bh6 33. c3 Nf4 34. Rd6 bxc3 35. bxc3 a5 36. Kc2 a4 37. Rb1 Raa7 38. Rbb6 Kh7 39. Nf3 Re2+ 40. Ncd2 Rae7 41. c4 Ng2 42. Rxg6 Ne3+ 43. Kc1 Bf4 44. Rge6 Nxc4 45. Rxe7+ Rxe7 46. Rb4 Rc7 47. Kd1 Ne3+ 48. Ke2 Nd5 49. Rd4 Nc3+ 50. Kd3 Bxd2 51. Kxd2 a3 52. Rd3 Nb1+ 53. Kd1 Nc3+ 54. Kd2 Nb1+ 55. Ke3 Rc2 56. Rd1 Rb2 57. Kd3 Kg7 58. Rf1 Rxa2 59. Rxb1 Rf2 60. Nd2 Kf7 61. Rb7+ Ke6 62. Ra7 Rh2 63. Ke3 Kd5 64. Ra5+ Ke6 65. Rxa3 Rh3+ 66. Nf3 Kd5 67. Rd3+ Kc5 68. Ke4 Rh1 69. Rd5+ Kc4 70. Nd2+ Kc3 71. Rd3+ Kc2 72. Nf3 Rh8 73. Nd4+ Kb2 74. Rb3+ Ka2 75. Rb6 Rh4+ 76. Kd3 Rh3+ 77. Kc4 Rg3 78. Ne2 Rh3 79. Nc3+ Ka3 80. Rb3# 1-0

[Event "13th Arad Open 2020"]
[Site "Arad"]
[Date "2020.09.28"]
[Round "5.4"]
[White "Andronescu, Madalin"]
[Black "Filip, Lucian-Ioan"]
[Result "0-1"]
[ECO "B48"]
[WhiteElo "2165"]
[BlackElo "2432"]
[Annotator "ChessBase"]
[PlyCount "82"]
[EventDate "2020.09.25"]
[EventType "swiss"]
[EventCountry "ROU"]
[SourceTitle "playchess.com"]
[Source "ChessBase"]
[SourceQuality "1"]
[TimeControl "5400+30"]

1. e4 c5 2. Nf3 e6 3. d4 cxd4 4. Nxd4 Nc6 5. Nc3 Qc7 6. Be3 Nf6 7. f3 a6 8. Qd2 Be7 9. O-O-O b5 10. g4 Nxd4 11. Bxd4 Bb7 12. Kb1 Rc8 13. Rg1 O-O 14. e5 Nd5 15. Ne4 f6 16. exf6 Nxf6 17. Nxf6+ Bxf6 18. Bxf6 Rxf6 19. Bd3 Bxf3 20. Rdf1 Rcf8 21. g5 Rf4 22. Rg3 Be4 23. Re1 Rf2 24. Qd1 Bf3 25. Qc1 Rxh2 26. Reg1 Qe5 27. Qf1 Bg2 28. Qe1 Qxe1+ 29. Rxe1 Rh1 30. Rxh1 Bxh1 31. c4 bxc4 32. Bxc4 Be4+ 33. Kc1 a5 34. Kd2 d5 35. Bb5 Rf2+ 36. Kc3 Kf7 37. a4 Rc2+ 38. Kb3 Ke7 39. Bf1 Kd6 40. Ka3 Rc1 41. Bh3 d4 0-1